 Dungeon Crawl Stone Soup version 0.25-a0-860-gf695395b5c (webtiles) character file.

Game seed: 13328003789860067686, levelgen mode: deterministic

117 MisterFreud the Changer (level 5, -3/33 HPs)
             Began as an Octopode Transmuter on Apr 28, 2020.
             Slain by an orc
             ... wielding a +0 flail
              (4 damage)
             ... on level 2 of the Dungeon.
             The game lasted 00:03:03 (1891 turns).

MisterFreud the Changer (Octopode Transmuter)       Turns: 1891, Time: 00:03:04

Health: -3/33      AC:  2    Str: 10    XL:     5   Next: 1%
Magic:  6/9        EV: 19    Int: 16    God:
Gold:   168        SH:  0    Dex: 17    Spells: 4/10 levels left

rFire    . . .     SeeInvis .     - Unarmed
rCold    . . .     Gourm    .   (shield currently unavailable)
rNeg     . . .     Faith    .   (helmet currently unavailable)
rPois    x         Spirit   .   (no amulet)
rElec    .         Reflect  .   (no ring)
rCorr    .         Harm     .   (no ring)
MR       .....                  (no ring)
Stlth    ++........             (no ring)
HPRegen  0.11/turn              (no ring)
MPRegen  0.11/turn              (no ring)
                                (no ring)
                                (no ring)

@: brilliant, spider-form, hasted, very quick
A: tiny, almost no armour, stealthy swim, (amphibious), 8 rings, (constrict 8)
a: End Transformation


You were on level 2 of the Dungeon.
You were hungry.
You were a venomous arachnid creature.
You visited 1 branch of the dungeon, and saw 3 of its levels.

You collected 168 gold pieces.

Inventory:

Missiles
 a - 58 arrows
Armour
 n - a +1 hat (melded)
Scrolls
 e - a scroll of enchant weapon {unknown}
 h - a scroll of immolation {unknown}
 i - a scroll of teleportation {unknown}
 k - 3 scrolls of remove curse {unknown}
 m - a scroll of fog {unknown}
Potions
 d - a potion of ambrosia {unknown}
 g - a potion of curing {unknown}
 j - a potion of berserk rage {unknown}
 l - 2 potions of brilliance
 o - a potion of degeneration {unknown}
Comestibles
 c - 3 rations
 f - 3 chunks of flesh


   Skills:
 - Level 1.0 Fighting
 - Level 2.0 Dodging
 - Level 3.0 Unarmed Combat
 - Level 3.0 Spellcasting
 * Level 4.3 Transmutations


You had 4 spell levels left.
You knew the following spells:

 Your Spells              Type           Power        Failure   Level  Hunger
a - Beastly Appendage     Tmut           ###...       11%         1    None
b - Sticks to Snakes      Tmut           ###.....     14%         2    None
c - Spider Form           Tmut/Pois      ##........   43%         3    None

Your spell library contained the following spells:

 Spells                   Type           Power        Failure   Level  Hunger
 Ice Form                 Ice/Tmut       ##......     78%         4    None
 Blade Hands              Tmut           ###.......   83%         5    None


Dungeon Overview and Level Annotations

Branches:
Dungeon (3/15)

Altars:
Makhleb
Ru
Sif Muna
Yredelemnul
Zin
The Shining One


Innate Abilities, Weirdness & Mutations

You cannot wear most types of armour.
You are very stealthy in the water. (Stealth+)
((You are amphibious.))
You can wear up to eight rings at the same time.
((You can use your tentacles to constrict eight enemies at once.))
((Your skin changes colour to match your surroundings (Stealth+).))
((Your rubbery body absorbs attacks. (AC +1, EV +1)))


Message History

You hit the orc.
The orc is poisoned.
The orc is heavily wounded.
The orc hits you with a +0 flail.
* * * LOW HITPOINT WARNING * * *
The orc closely misses you.
You hit the orc but do no damage. The orc barely misses you.
The orc misses you.
You closely miss the orc. The orc barely misses you.
You barely miss the orc. The orc closely misses you.
You hit the orc.
The orc is poisoned.
The orc is moderately wounded.
The orc closely misses you. The orc hits you with a +0 flail.
* * * LOW HITPOINT WARNING * * *
Unknown command.
It was a potion of brilliance.
You feel clever all of a sudden. The orc completely misses you.
The orc closely misses you.
It was a potion of haste.
You feel yourself speed up. The orc hits you with a +0 flail.
You die...

####################
...............oso.#
#######.#.########.#
........#.# #.#
######..#.# #.# #..#.#
#.#
######..#.########.######
..................<.....#
############.#.###.####.#
#.#.# #.# #.#


You could see 2 orcs.

Vanquished Creatures
  2 orc wizards
  An adder (D:2)
  2 worms
  2 dart slugs (D:2)
  A leopard gecko (D:2)
  5 giant cockroaches
  4 goblins
  6 hobgoblins
  7 bats
  4 frilled lizards
  4 kobolds
  4 rats (D:1)
42 creatures vanquished.

Notes
Turn   | Place    | Note
-------+----------+-------------------------------------------
     0 | D:1      | MisterFreud the Octopode Transmuter began the quest for the
                  | Orb.
     0 | D:1      | Reached XP level 1. HP: 13/13 MP: 3/3
    48 | D:1      | Reached XP level 2. HP: 13/18 MP: 5/5
   651 | D:1      | Learned a level 2 spell: Sticks to Snakes
   955 | D:2      | Reached skill level 3 in Transmutations
   960 | D:2      | Reached XP level 3. HP: 23/23 MP: 6/6
   961 | D:2      | Found a faded altar of an unknown god.
   966 | D:2      | Learned a level 3 spell: Spider Form
  1065 | D:2      | Found a burning altar of Makhleb.
  1068 | D:2      | Found a sacrificial altar of Ru.
  1068 | D:2      | Found a glowing silver altar of Zin.
  1068 | D:2      | Found a shimmering blue altar of Sif Muna.
  1076 | D:2      | Found a basalt altar of Yredelemnul.
  1076 | D:2      | Found a glowing golden altar of the Shining One.
  1692 | D:3      | Reached XP level 4. HP: 26/28 MP: 5/8
  1718 | D:3      | Reached skill level 4 in Transmutations
  1722 | D:2      | Reached XP level 5. HP: 18/33 MP: 5/9
  1889 | D:2      | HP: 1/33 [orc/+0 flail (5)]
  1891 | D:2      | Slain by an orc

Levels and vault maps discovered:
D:1:      minmay_arrival_stair_chambers, layout_basic
D:2:      layout_loops_ring, minmay_overflow_temple_hex,
          chequers_ecumenical_altar_simple, dk_noncrumbling_4
D:3:      layout_rooms, first_ration, uniq_crazy_yiuf_cottage

Skill      XL: |  1  2  3  4 |
---------------+-------------+-----
Transmutations | 3 4 |  4.3
Spellcasting   | 3 |  3.0
Fighting       | |  1.0
Dodging        | |  2.0
Unarmed Combat | |  3.0

Action                   |  1- 3 |  4- 6 || total
-------------------------+-------+-------++-------
Melee: Unarmed           |    86 |    14 ||   100
       Constrict         |    15 |     1 ||    16
       Tentacles         |    14 |     1 ||    15
       Punch             |     1 |       ||     1
       Kick              |     1 |       ||     1
 Cast: Beastly Appendage |     2 |       ||     2
       Spider Form       |     3 |     3 ||     6
  Use: Potion            |       |     2 ||     2
 Stab: Sleeping          |     3 |       ||     3
  Eat: Chunk             |     3 |       ||     3
Armor: Skin              |     9 |     1 ||    10
Dodge: Dodged            |    53 |    23 ||    76

Table legend:
 A = Non-vault XP
 B = Vault XP
 C = Vault XP percentage of total XP
 D = Non-vault monster count
 E = Vault monster count
 F = Vault count percentage of total count
                 A         B        C        D         E       F
            +---------+---------+-------+---------+---------+-------
      Total |     168 |       0 |   0.0 |      42 |       0 |   0.0
            +---------+---------+-------+---------+---------+-------
        D:1 |      29 |       0 |   0.0 |      20 |       0 |   0.0
        D:2 |      91 |       0 |   0.0 |      19 |       0 |   0.0
        D:3 |      48 |       0 |   0.0 |       3 |       0 |   0.0
            +---------+---------+-------+---------+---------+-------
